 Dungeon Crawl Stone Soup version 0.31-a0-692-gf03d1854d5 (webtiles) character file.

Game seed: 3327516760357670481

128 qw the Shooter (level 5, 0/32 HPs)
             Began as a Gargoyle Hunter on Sept 6, 2023.
             Slain by Natasha (3 damage)
             ... on level 2 of the Dungeon.
             The game lasted 00:00:42 (1713 turns).

qw the Shooter (Gargoyle Hunter)                    Turns: 1713, Time: 00:00:43

Health: 0/32       AC:  9    Str: 15    XL:     5   Next: 12%
Magic:  5/5        EV: 11    Int:  9    God:
Gold:   177        SH:  0    Dex: 15    Spells: 4/4 levels left

rFire   + . .        Y - +0 shortbow
rCold   . . .        (shield currently unavailable)
rNeg    + . .        j - +0 ring mail
rPois   inf          (no helmet)
rElec   +            (no cloak)
rCorr   .            (no gloves)
SInv    +            (no boots)
Will    .....        (no amulet)
Stlth   +            e - ring of protection from fire
HPRegen 0.25/turn    d - ring of see invisible
MPRegen 0.09/turn

%: no passive effects
@: no status effects
A: sickness immunity, AC +4, negative energy resistance 1, electricity
resistance, torment resistance 1, petrification resistance
a: no special abilities


You were on level 2 of the Dungeon.
You visited 1 branch of the dungeon, and saw 3 of its levels.

You collected 177 gold pieces.


Innate Abilities, Weirdness & Mutations

You are immune to sickness and miasma.
Your stone body is resilient. (AC +4)
You are immune to poison.
You resist negative energy. (rN+)
You are resistant to electric shocks. (rElec)
You are resistant to unholy torment.
You are immune to petrification.


   Skills:
 - Level 3.2 Fighting
 + Level 5.5 Ranged Weapons
 - Level 1.5 Armour
 - Level 1.5 Dodging
 - Level 1.1 Stealth


You had 4 spell levels left.
You didn't know any spells.
Your spell library was empty.

Inventory:

Hand Weapons
 Y - a +0 shortbow (weapon)
Armour
 j - a +0 ring mail (worn)
Jewellery
 d - a ring of see invisible (right hand)
 e - a ring of protection from fire (left hand)
Scrolls
 a - a scroll of identify
Potions
 f - 2 potions of curing
 h - a potion of might

Dungeon Overview and Level Annotations

Branches:
Dungeon (3/15)

Altars:

Annotations:
D:1 2 runed translucent doors
D:2 Natasha


Message History

Natasha claws you!
You shoot an arrow. The arrow hits Natasha.
Natasha is severely wounded.
Natasha casts a spell at you.
You feel yourself slow down.
You shoot an arrow. The arrow barely misses Natasha.
Natasha claws you but does no damage. Natasha claws you.
You shoot an arrow.
The arrow hits Natasha but does no damage.
Natasha is severely wounded.
Natasha stares at you and mumbles some strange words.
The magic dart hits you.
Natasha mumbles some strange words.
You shoot an arrow. The arrow hits Natasha!
You kill Natasha!
Natasha growls in agony!
The cerulean imp disappears in a puff of smoke!
Your Armour skill increases to level 1!
You have reached level 5!
You start resting.
Natasha, Servant of Life and Death comes into view.
Natasha stares at you and mumbles some strange words.
The magic dart hits you but does no damage.
You shoot an arrow. The arrow closely misses Natasha.
You shoot an arrow. The arrow hits Natasha!
Natasha is heavily wounded.
Natasha closely misses you. Natasha barely misses you.
You shoot an arrow. The arrow closely misses Natasha.
You feel yourself speed up. Natasha claws you but does no damage.
Natasha claws you.
You shoot an arrow. The arrow hits Natasha.
Natasha is severely wounded.
Natasha misses you.
You shoot an arrow. The arrow barely misses Natasha.
Natasha barely misses you.
You shoot an arrow.
The arrow hits Natasha but does no damage.
Natasha is severely wounded.
Natasha claws you.
You die...
Natasha curls up and begins to purr.

.# ######## .# #......# .#####
#......# ### ########
.....####......###.# #......#
####...........#.#.## #......#
#########......#....## #......#
#....# #.........#..# #......#
.....## #.......h###.# ##...[..#
......####..#...@# #.###.......#
........##.#...#.# #..##.......#
.....##....#[#...# ##..........#
.######..###.##..# ##...########
.................###..#......#
.##.................?.#..%...####
....................###.........#
....##...^....##.................
#.#............#.#####...........


You could see Natasha.

Vanquished Creatures
  Natasha (D:2)
  4 adders (D:2)
  An ufetubus (D:2)
  7 endoplasms
  4 giant cockroaches (D:1)
  6 goblins
  5 hobgoblins (D:1)
  5 jackals (D:1)
  6 kobolds
  A quokka (D:1)
  3 ball pythons (D:1)
  6 bats
  4 frilled lizards (D:1)
  7 rats
60 creatures vanquished.

Notes
Turn   | Place    | Note
-------+----------+-------------------------------------------
     0 | D:1      | qw the Gargoyle Hunter began the quest for the Orb.
     0 | D:1      | Reached XP level 1. HP: 12/12 MP: 1/1
     0 | D:1      | 0 ||| qw: Version: 0.3-a-76-g4403597
     0 | D:1      | 0 ||| qw: Game counter: 120
     0 | D:1      | 0 ||| qw: Melee chars always use a shield: true
     0 | D:1      | 0 ||| qw: God list: Okawaru
     0 | D:1      | 0 ||| qw: Allow faded altars: false
     0 | D:1      | 0 ||| qw: Do Orc after clearing Dungeon:15 true
     0 | D:1      | 0 ||| qw: Do second Lair branch before Depths: true
     0 | D:1      | 0 ||| qw: Lair rune preference: random
     0 | D:1      | 0 ||| qw: Goals: Normal
     0 | D:1      | 0 ||| PLANNING D:1-11
    32 | D:1      | Reached XP level 2. HP: 17/17 MP: 2/2
    49 | D:1      | Found a large runed translucent door.
    49 | D:1      | Found a large runed translucent door.
    51 | D:1      | Noticed an orc warrior
   476 | D:1      | Reached XP level 3. HP: 18/21 MP: 3/3
   591 | D:1      | Reached skill level 5 in Ranged Weapons
   948 | D:1      | 948 ||| UPGRADING to ring of protection from fire.
   949 | D:1      | 949 ||| READING 3 scrolls labelled WAWNEI FAENGOOCK.
   950 | D:1      | 950 ||| READING scroll labelled LAGHEST IMOUS.
  1033 | D:1      | 1033 ||| DRINKING 2 golden potions.
  1034 | D:1      | 1034 ||| READING 2 scrolls of identify.
  1034 | D:1      | 1034 ||| IDENTIFYING black potion
  1035 | D:1      | 1035 ||| DROPPING scroll of butterflies.
  1275 | D:2      | Reached skill level 3 in Fighting
  1275 | D:2      | Reached XP level 4. HP: 22/28 MP: 4/4
  1564 | D:2      | 1564 ||| UPGRADING to +0 ring mail.
  1574 | D:2      | 1574 ||| DROPPING +0 leather armour.
  1575 | D:2      | 1575 ||| UPGRADING to ring of see invisible.
  1576 | D:2      | 1576 ||| READING 3 scrolls labelled PASYTZ HICKEO.
  1577 | D:2      | 1577 ||| READING scroll labelled BAIPLU LIENUU.
  1578 | D:2      | 1578 ||| READING scroll labelled MIKHLO DEQO.
  1579 | D:2      | 1579 ||| READING scroll labelled VOEKKA PAGEUST.
  1680 | D:2      | 1680 ||| DROPPING 2 scrolls of vulnerability.
  1690 | D:3      | Noticed Natasha
  1696 | D:3      | 1696 ||| STAIRDANCE
  1701 | D:2      | HP: 4/28 [Natasha/magic dart (6)]
  1702 | D:2      | Killed Natasha
  1703 | D:2      | Reached skill level 1 in Armour
  1703 | D:2      | Reached XP level 5. HP: 5/32 MP: 5/5
  1707 | D:2      | Noticed Natasha
  1710 | D:2      | HP: 2/32 [Natasha (6)]
  1713 | D:2      | Slain by Natasha

Levels and vault maps discovered:
D:1:      erik_arrival_cave_to_civilisation [erik_arrival_cave_to_temple],
          layout_loops_corners
D:2:      layout_rooms
D:3:      layout_loops_ring, mainiacjoe_overflow_brackets,
          nicolae_ru_great_annihilating_truth, uniq_natasha, uniq_terence

Skill      XL: |  1  2  3  4 |
---------------+-------------+-----
Ranged Weapons | 5 |  5.5
Fighting       | 3 |  3.2
Armour         | 1 |  1.5
Dodging        | |  1.5
Stealth        | |  1.1

Action                     |  1- 3 |  4- 6 || total
---------------------------+-------+-------++-------
   Fire: Shortbow          |   112 |    65 ||   177
    Use: Scroll            |     3 |     4 ||     7
         Potion            |     1 |       ||     1
 Armour: Leather armour    |    27 |    19 ||    46
         Ring mail         |       |    14 ||    14
  Dodge: Dodged            |    24 |    28 ||    52

Table legend:
 A = Non-vault XP
 B = Vault XP
 C = Vault XP percentage of total XP
 D = Non-vault monster count
 E = Vault monster count
 F = Vault count percentage of total count
                 A         B        C        D         E       F
            +---------+---------+-------+---------+---------+-------
      Total |     145 |      39 |  21.2 |      57 |       3 |   5.0
            +---------+---------+-------+---------+---------+-------
        D:1 |      55 |       4 |   6.8 |      34 |       2 |   5.6
        D:2 |      90 |      35 |  28.0 |      23 |       1 |   4.2
            +---------+---------+-------+---------+---------+-------
